 Dungeon Crawl Stone Soup version 0.28-a0-677-g3278d6a771 (webtiles) character file.

Game seed: 8232985439154439214

10381 Gargoyl the Fighter (level 11, -17/89 HPs)
             Began as a Gnoll Abyssal Knight on Oct 18, 2021.
             Was a High Priest of Lugonu.
             Demolished by a large abomination (31 damage)
             ... on level 2 of the Abyss.
             The game lasted 00:11:05 (12142 turns).

Gargoyl the Fighter (Gnoll Abyssal Knight)         Turns: 12142, Time: 00:11:06

Health: -17/89     AC: 17    Str: 17    XL:     11   Next: 61%
Magic:  20/20      EV:  8    Int: 21    God:    Lugonu [*****.]
Gold:   492        SH:  0    Dex: 15    Spells: 22/22 levels left

rFire   . . .      SeeInvis .   c - +11 battleaxe of the Gloaming {flame, rC+ Dex+3}
rCold   + . .      Faith    .   (shield currently unavailable)
rNeg    . . .      Spirit   .   h - +1 plate armour
rPois   .          Reflect  .   (no helmet)
rElec   .          Harm     .   m - +2 cloak
rCorr   .          Rampage  .   (no gloves)
Will    .....                   (no boots)
Stlth   ..........              (no amulet)
HPRegen 0.24/turn               x - +6 ring of intelligence
MPRegen 0.17/turn               e - +6 ring of intelligence

@: no status effects
A: fangs 1, strong nose, distributed training
a: Renounce Religion, Depart the Abyss, Bend Space, Banish, Corrupt, Enter the
Abyss


You were on level 2 of the Abyss.
You worshipped Lugonu.
Lugonu was extremely pleased with you.
You visited 1 branch of the dungeon, and saw 10 of its levels.
You visited the Abyss 2 times.

You collected 492 gold pieces.

Inventory:

Hand Weapons
 a - a +2 hand axe
 c - the +11 battleaxe of the Gloaming (weapon) {flame, rC+ Dex+3}
   (You found it on level 2 of the Abyss)

   It burns those it strikes, dealing additional fire damage.
   Big, fiery blades are also staple armaments of hydra-hunters.
   Dex:       It affects your dexterity (+3).
   rC:        It protects you from cold.
Missiles
 p - 4 throwing nets
 t - 50 poisoned darts (quivered)
Armour
 h - a +1 plate armour (worn)
 m - a +2 cloak (worn)
Jewellery
 e - a +6 ring of intelligence (right hand)
 x - a +6 ring of intelligence (left hand)
Wands
 u - a wand of paralysis (19)
 v - a wand of mindburst (9)
Scrolls
 q - 4 scrolls of fear
 r - a scroll of magic mapping
 s - 5 scrolls of teleportation
 w - a scroll of blinking
Potions
 b - 4 potions of curing
 d - 3 potions of invisibility
 f - a potion of magic
 g - 2 potions of haste
 k - 2 potions of might
 l - 2 potions of cancellation {unknown}
 n - 3 potions of resistance {unknown}
 o - 3 potions of brilliance {unknown}
 z - a potion of mutation {unknown}
 B - 4 potions of flight


   Skills:
 + Level 9.3 Fighting
 + Level 6.4 Short Blades
 + Level 6.4 Long Blades
 + Level 8.0 Axes
 + Level 6.4 Maces & Flails
 + Level 6.4 Polearms
 + Level 6.4 Staves
 + Level 6.4 Slings
 + Level 6.4 Bows
 + Level 6.4 Crossbows
 + Level 6.4 Throwing
 + Level 8.0 Armour
 + Level 7.0 Dodging
 + Level 6.4 Stealth
 + Level 6.4 Shields
 + Level 6.4 Unarmed Combat
 + Level 6.4 Spellcasting
 + Level 5.3 Conjurations
 + Level 5.3 Hexes
 + Level 5.3 Summonings
 + Level 5.3 Necromancy
 + Level 5.3 Translocations
 + Level 5.3 Transmutations
 + Level 5.3 Fire Magic
 + Level 5.3 Ice Magic
 + Level 5.3 Air Magic
 + Level 5.3 Earth Magic
 + Level 5.3 Poison Magic
 + Level 8.5 Invocations
 + Level 6.4 Evocations


You had 22 spell levels left.
You didn't know any spells.
Your spell library contained the following spells:

 Spells                   Type           Power      Damage    Failure   Level
 Shock                    Conj/Air       100%       1d9       32%         1
 Gell's Gravitas          Tloc           14%        N/A       69%         3
 Lesser Beckoning         Tloc           29%        N/A       69%         3
 Teleport Other           Tloc           29%        N/A       69%         3
 Animate Armour           Summ/Erth      58%        N/A       97%         4
 Petrify                  Tmut/Erth      29%        N/A       97%         4
 Blade Hands              Tmut           14%        N/A       100%        5
 Freezing Cloud           Conj/Ice/Air   14%        6-21      100%        5
 Metabolic Englaciation   Hex/Ice        14%        N/A       100%        5
 Iron Shot                Conj/Erth      14%        9d4       100%        6
 Simulacrum               Ice/Necr       14%        N/A       100%        6
 Statue Form              Tmut/Erth      19%        N/A       100%        6
 Polar Vortex             Ice            14%        N/A       100%        9


Dungeon Overview and Level Annotations

Branches:
Dungeon (10/15)            Temple (0/1) D:6            Lair (0/6) D:10
    Orc (0/2) D:10

Altars:
Ashenzari
Dithmenos
Gozag
Makhleb
Nemelex Xobeh
Ru
Wu Jian
Yredelemnul
The Shining One

Shops:
D:6 :   D:9 [

Annotations:
Abyss:1 Erica


Innate Abilities, Weirdness & Mutations

You have very sharp teeth.
Your uncanny sense of smell can sniff out nearby items.
Your experience applies equally to all skills.


Message History

The large abomination hits you but does no damage.
You slash the large abomination! You burn the large abomination.
The large abomination is severely damaged.
The large abomination hits you!!
You slash the large abomination! You burn the large abomination.
You destroy the large abomination!
Your Axes skill increases to level 8!
Your Armour skill increases to level 8!
Your Dodging skill increases to level 7!
You are suddenly pulled into a different region of the Abyss!
A crimson imp coalesces out of seething chaos.
The crimson imp shouts!
The crimson imp barely misses you.
You completely miss the crimson imp.
You bite the crimson imp, but do no damage.
The crimson imp blinks!
You slash the crimson imp!
The crimson imp is almost dead.
The crimson imp picks up a beetle and eats it.
The crimson imp blinks!
You barely miss the crimson imp. Your bite misses the crimson imp.
The crimson imp is severely wounded.
The crimson imp hits you but does no damage.
You slice the crimson imp!!
You kill the crimson imp!
You start resting.
A large abomination comes into view.
You barely miss the large abomination. The large abomination hits you!!
You slash the large abomination! You burn the large abomination.
The large abomination is heavily damaged.
The large abomination hits you.
You hit the large abomination. You burn the large abomination.
The large abomination is heavily damaged.
The large abomination hits you!!
* * * LOW HITPOINT WARNING * * *
You hit the large abomination but do no damage.
The large abomination is heavily damaged.
An ancient zyme comes into view.
You feel yourself growing ill in the presence of the ancient zyme.
The large abomination hits you!!
You die...

.... ..... #...
...# #.. ..# ##.#
##.## .
##...###...## ..
..#.....#.....#...
.. ...............
..#.....#.....# ..
##...###@..## ##.#
##X## #.. ..# ...
...# .. ..... .#..
...#.. ..###.. .##
#x


You could see an ancient zyme (wandering) and a large abomination.

Vanquished Creatures
  Harold (D:6)
  A two-headed ogre (D:9)
  A large abomination (Abyss:2)
  A skeletal warrior (D:7)
  A naga mage (D:9)
  Psyche (D:10)
  3 wraiths (D:7)
  15 yaks
  A steam dragon (D:8)
  Edmund (D:4)
  An acid dragon (D:9)
  3 water moccasins
  An orc warrior (D:9)
  2 sky beasts
  2 black bears
  2 ice beasts (D:8)
  6 ogres
  A necrophage (D:6)
  5 kobold brigands
  2 centaurs
  3 gnoll sergeants
  6 bullfrogs
  A wyvern skeleton (D:7)
  7 wights
  4 howler monkeys (D:9)
  An electric eel (D:10)
  2 crimson imps
  A centaur zombie (D:7)
  A bullfrog skeleton (D:7)
  2 hounds
  A jelly (D:6)
  2 orc priests
  An iguana (D:5)
  4 orc wizards
  A hound zombie (D:5)
  A howler monkey zombie (D:8)
  17 gnolls
  9 adders
  A shadow imp (D:4)
  A white imp (D:8)
  An adder zombie (D:5)
  2 adder skeletons (D:4)
  2 worms
  5 dart slugs
  12 orcs
  10 bats
  2 endoplasms
  4 giant cockroaches
  8 goblins
  8 hobgoblins
  15 ball pythons
  3 frilled lizards
  A goblin skeleton (D:6)
  2 goblin zombies (D:6)
  2 hobgoblin zombies (D:6)
  25 kobolds
  A kobold skeleton (D:6)
  4 orc skeletons (D:6)
  7 rats
231 creatures vanquished.

Vanquished Creatures (collateral kills)
  A kobold (D:4)
1 creature vanquished.

Grand Total: 232 creatures vanquished

Notes
Turn   | Place    | Note
-------+----------+-------------------------------------------
     0 | Abyss:1  | Gargoyl the Gnoll Abyssal Knight began the quest for the
                  | Orb.
     0 | Abyss:1  | Reached XP level 1. HP: 23/23 MP: 3/3
   120 | Abyss:2  | Identified the +11 battleaxe of the Gloaming {flame, rC+
                  | Dex+3}
   125 | Abyss:2  | Noticed a small abomination
   137 | D:1      | Escaped the Abyss
   356 | D:1      | Reached XP level 2. HP: 29/29 MP: 5/5
   862 | D:1      | Reached * piety under Lugonu
   876 | D:1      | Found a faded altar of an unknown god.
   884 | D:1      | Got Plato's Compendium of Confrontation
  1035 | D:2      | Found a burning altar of Makhleb.
  1163 | D:2      | Reached XP level 3. HP: 35/35 MP: 6/6
  1934 | D:3      | Reached skill level 1 in Short Blades
  1934 | D:3      | Reached skill level 1 in Long Blades
  1934 | D:3      | Reached skill level 1 in Maces & Flails
  1934 | D:3      | Reached skill level 1 in Polearms
  1934 | D:3      | Reached skill level 1 in Staves
  1934 | D:3      | Reached skill level 1 in Slings
  1934 | D:3      | Reached skill level 1 in Bows
  1934 | D:3      | Reached skill level 1 in Crossbows
  1934 | D:3      | Reached skill level 1 in Throwing
  1934 | D:3      | Reached skill level 1 in Stealth
  1934 | D:3      | Reached skill level 1 in Shields
  1934 | D:3      | Reached skill level 1 in Unarmed Combat
  1934 | D:3      | Reached skill level 1 in Spellcasting
  1934 | D:3      | Reached skill level 1 in Evocations
  1981 | D:3      | Reached XP level 4. HP: 41/41 MP: 7/7
  2109 | D:3      | Reached skill level 1 in Conjurations
  2109 | D:3      | Reached skill level 1 in Hexes
  2109 | D:3      | Reached skill level 1 in Summonings
  2109 | D:3      | Reached skill level 1 in Necromancy
  2109 | D:3      | Reached skill level 1 in Translocations
  2109 | D:3      | Reached skill level 1 in Transmutations
  2109 | D:3      | Reached skill level 1 in Fire Magic
  2109 | D:3      | Reached skill level 1 in Ice Magic
  2109 | D:3      | Reached skill level 1 in Air Magic
  2109 | D:3      | Reached skill level 1 in Earth Magic
  2109 | D:3      | Reached skill level 1 in Poison Magic
  2114 | D:3      | Reached ** piety under Lugonu
  2396 | D:3      | Reached XP level 5. HP: 47/47 MP: 8/8
  3090 | D:4      | Noticed Edmund
  3090 | D:4      | Noticed an ogre
  3124 | D:4      | Killed Edmund
  3125 | D:4      | Reached skill level 5 in Axes
  3125 | D:4      | Reached skill level 5 in Armour
  3125 | D:4      | Reached skill level 5 in Invocations
  3125 | D:4      | Reached XP level 6. HP: 53/53 MP: 9/9
  3212 | D:4      | Found a shadowy altar of Dithmenos.
  3269 | D:4      | Noticed a black bear
  3273 | D:4      | Killed a black bear
  3274 | D:4      | Reached XP level 7. HP: 58/59 MP: 10/10
  3411 | D:4      | Reached skill level 7 in Fighting
  3651 | D:5      | Entered Level 5 of the Dungeon
  4349 | D:5      | Reached XP level 8. HP: 67/67 MP: 12/12
  4429 | D:5      | Reached *** piety under Lugonu
  4763 | D:6      | Found a staircase to the Ecumenical Temple.
  4790 | D:6      | Identified the +2 ring mail of the Everdark {rF+ rCorr
                  | Str+3 Int+3}
  4817 | D:6      | Found a glowing golden altar of the Shining One.
  4944 | D:6      | Found Utoopt's Book Emporium.
  5283 | D:6      | Reached XP level 9. HP: 22/72 MP: 14/14
  5586 | D:6      | Found a sacrificial altar of Ru.
  5829 | D:7      | Noticed Harold
  5849 | D:6      | Killed Harold
  5850 | D:6      | Reached skill level 8 in Fighting
  5850 | D:6      | Reached skill level 5 in Dodging
  6086 | D:7      | Reached **** piety under Lugonu
  6533 | D:7      | Noticed a skeletal warrior
  6533 | D:7      | Found the +5 scythe "Finisher" {speed, eviscerate}
  6537 | D:7      | Killed a skeletal warrior
  6538 | D:7      | Reached XP level 10. HP: 59/80 MP: 15/17
  6540 | D:7      | Reached skill level 5 in Short Blades
  6540 | D:7      | Reached skill level 5 in Long Blades
  6540 | D:7      | Reached skill level 5 in Maces & Flails
  6540 | D:7      | Reached skill level 5 in Polearms
  6540 | D:7      | Reached skill level 5 in Staves
  6540 | D:7      | Reached skill level 5 in Slings
  6540 | D:7      | Reached skill level 5 in Bows
  6540 | D:7      | Reached skill level 5 in Crossbows
  6540 | D:7      | Reached skill level 5 in Throwing
  6540 | D:7      | Reached skill level 5 in Stealth
  6540 | D:7      | Reached skill level 5 in Shields
  6540 | D:7      | Reached skill level 5 in Unarmed Combat
  6540 | D:7      | Reached skill level 5 in Spellcasting
  6540 | D:7      | Reached skill level 5 in Evocations
  7146 | D:7      | Found an ornate altar of the Wu Jian Council.
  7234 | D:7      | Found a broken altar of Ashenzari.
  9180 | D:8      | Reached ***** piety under Lugonu
  9502 | D:8      | Found a basalt altar of Yredelemnul.
  9821 | D:8      | Reached XP level 11. HP: 59/87 MP: 19/19
 10069 | D:9      | Reached skill level 9 in Fighting
 10139 | D:9      | Reached skill level 5 in Conjurations
 10139 | D:9      | Reached skill level 5 in Hexes
 10139 | D:9      | Reached skill level 5 in Summonings
 10139 | D:9      | Reached skill level 5 in Necromancy
 10139 | D:9      | Reached skill level 5 in Translocations
 10139 | D:9      | Reached skill level 5 in Transmutations
 10139 | D:9      | Reached skill level 5 in Fire Magic
 10139 | D:9      | Reached skill level 5 in Ice Magic
 10139 | D:9      | Reached skill level 5 in Air Magic
 10139 | D:9      | Reached skill level 5 in Earth Magic
 10139 | D:9      | Reached skill level 5 in Poison Magic
 10340 | D:9      | Noticed a two-headed ogre
 10349 | D:9      | Killed a two-headed ogre
 10994 | D:9      | Found a sparkling altar of Nemelex Xobeh.
 10994 | D:9      | Found an opulent altar of Gozag.
 11031 | D:9      | Found Heozuim's Armour Shop.
 11590 | D:10     | Entered Level 10 of the Dungeon
 11591 | D:10     | Noticed Psyche
 11596 | D:10     | Killed Psyche
 11652 | D:10     | Noticed Erica
 11672 | D:10     | Banished Erica
 11984 | D:10     | Noticed a wizard
 12008 | D:10     | Cast into level 2 of the Abyss (a wizard)
 12046 | Abyss:2  | Noticed a large abomination
 12052 | Abyss:2  | Killed a large abomination
 12142 | Abyss:2  | Demolished by a large abomination

Illustrated notes

Levels and vault maps discovered:
D:1:      matt_arrival_debris, layout_basic, shapermc_ecumenical_altar_rom_forum
D:2:      layout_basic, basic_altar
D:3:      layout_basic, minmay_snake_closets
D:4:      layout_basic, mainiacjoe_overflow_cross_hatched, sigmund_army,
          uniq_edmund
D:5:      layout_rooms
D:6:      layout_loops_cross, nicolae_tso_besieged_by_evil, lemuel_doored_altar,
          minmay_temple_entry_water_ring, serial_shops, nicolae_shop_stone
D:7:      layout_loops_ring, lemuel_tele_altar, nicolae_wu_jian_wuxing_cycle,
          hangedman_decor_opposing, minmay_guarded_unrand_finisher, uniq_harold
D:8:      layout_basic, general_overflow_altar
D:9:      layout_basic, grunt_temple_overflow_opulence, serial_shops, shop,
          minmay_misc_feat_cross, minmay_librarian
D:10:     erik_rubicon_b, layout_basic, mainiacjoe_overflow_alcove_4,
          lair_entry_dummy, orc_0_dummy, gammafunk_ghost_hydra_chop,
          serial_curves, eino_curves_03, eino_curves_02, uniq_erica,
          uniq_psyche, uniq_maggie
Abyss:2:  base: Temple, base:
D:8

Skill      XL: |  1  2  3  4  5  6  7  8  9 10 11 |
---------------+----------------------------------+-----
Short Blades   | 1 2 3 4 5 6 |  6.4
Long Blades    | 1 2 3 4 5 6 |  6.4
Maces & Flails | 1 2 3 4 5 6 |  6.4
Polearms       | 1 2 3 4 5 6 |  6.4
Staves         | 1 2 3 4 5 6 |  6.4
Slings         | 1 2 3 4 5 6 |  6.4
Bows           | 1 2 3 4 5 6 |  6.4
Crossbows      | 1 2 3 4 5 6 |  6.4
Throwing       | 1 2 3 4 5 6 |  6.4
Stealth        | 1 2 3 4 5 6 |  6.4
Shields        | 1 2 3 4 5 6 |  6.4
Unarmed Combat | 1 2 3 4 5 6 |  6.4
Spellcasting   | 1 2 3 4 5 6 |  6.4
Evocations     | 1 2 3 4 5 6 |  6.4
Conjurations   | 1 2 3 4 5 |  5.3
Hexes          | 1 2 3 4 5 |  5.3
Summonings     | 1 2 3 4 5 |  5.3
Necromancy     | 1 2 3 4 5 |  5.3
Translocations | 1 2 3 4 5 |  5.3
Transmutations | 1 2 3 4 5 |  5.3
Fire Magic     | 1 2 3 4 5 |  5.3
Ice Magic      | 1 2 3 4 5 |  5.3
Air Magic      | 1 2 3 4 5 |  5.3
Earth Magic    | 1 2 3 4 5 |  5.3
Poison Magic   | 1 2 3 4 5 |  5.3
Dodging        | 3 4 5 6 7 |  7.0
Axes           | 5 6 7 8 |  8.0
Armour         | 5 6 7 8 |  8.0
Invocations    | 5 6 7 8 |  8.5
Fighting       | 7 8 9 |  9.3

Action                   |  1- 3 |  4- 6 |  7- 9 | 10-12 || total
-------------------------+-------+-------+-------+-------++-------
Melee: Battleaxe         |    55 |    71 |   124 |   201 ||   451
       Bite              |     2 |     4 |    18 |    17 ||    41
Throw: Dart              |       |       |    15 |       ||    15
Invok: Depart the Abyss  |     1 |       |       |       ||     1
       Banish            |       |       |       |     1 ||     1
  Use: Potion            |     2 |       |       |     3 ||     5
       Scroll            |     2 |     5 |     7 |     8 ||    22
Armor: Leather armour    |     8 |       |       |       ||     8
       Plate armour      |    27 |    65 |   108 |   151 ||   351
Dodge: Dodged            |    22 |    20 |    52 |    75 ||   169

Table legend: (Time is in decaauts)
 A = Elapsed time spent in this place.
 B = Non-inter-level travel time spent in this place.
 C = Inter-level travel time spent in this place.
 D = Time resting spent in this place.
 E = Time spent auto-exploring this place.
 F = Levels seen in this place.
 G = Mean time per level.
                   A        B        C        D        E       F      G
               +--------+--------+--------+--------+--------+-----+--------+
         Total |  12391 |  11891 |    500 |   2478 |   7642 |  13 |  953.2 |
       Dungeon |  12117 |  11617 |    500 |   2429 |   7486 |  10 | 1211.7 |
         Abyss |    273 |    273 |      0 |     49 |    156 |   3 |   91.0 |
               +--------+--------+--------+--------+--------+-----+--------+

Top non-repeatable levels by time:
     D:7: 2417 daAuts
     D:8: 1707 daAuts
     D:6: 1457 daAuts
     D:9: 1424 daAuts
     D:3: 1197 daAuts
     D:4: 931 daAuts
     D:5: 914 daAuts
     D:1: 840 daAuts
     D:2: 781 daAuts
    D:10: 446 daAuts
 Abyss:2: 158 daAuts
 Abyss:1: 115 daAuts
